 Dungeon Crawl Stone Soup version 0.21-a0-504-g2eda330 (webtiles) character file.

343 slep the Poker (level 6, 0/48 HPs)
             Began as a Demonspawn Monk on Nov 27, 2017.
             Slain by an orc
             ... wielding a +0 hand axe
              (5 damage)
             ... on level 4 of the Dungeon.
             The game lasted 00:19:36 (2892 turns).

slep the Poker (Demonspawn Monk)                    Turns: 2892, Time: 00:19:37

Health: 0/48       AC:  9    Str: 16    XL:     6   Next: 31%
Magic:  6/6        EV: 13    Int: 11    God:
Gold:   104        SH:  0    Dex: 17    Spells: 5/5 levels left

rFire    . . .     SeeInvis .   e - +0 trident
rCold    . . .     Gourm    .   (no shield)
rNeg     . . .     Faith    .   d - +0 ring mail
rPois    .         Spirit   .   n - +2 hat
rElec    .         Reflect  .   (no cloak)
rCorr    .         Harm     .   (no gloves)
MR       .....                  (no boots)
Stlth    ++........             (no amulet)
HPRegen  0.16/turn              r - +4 ring of strength
MPRegen  0.10/turn              (no ring)

@: no status effects
A: claws 2, iridescent scales 1, powered by pain 1
a: no special abilities


You were on level 4 of the Dungeon.
You were not hungry.

You visited 1 branch of the dungeon, and saw 4 of its levels.

You collected 104 gold pieces.

Inventory:

Hand Weapons
 a - a +0 spear
 e - a +0 trident (weapon)
 t - a -1 blowgun
Missiles
 o - 8 curare-tipped needles
Armour
 b - a +0 robe
 d - a +0 ring mail (worn)
 n - a +2 hat (worn)
Jewellery
 r - a +4 ring of strength (left claw)
Wands
 m - a wand of flame (25)
 v - a wand of disintegration (12)
Scrolls
 f - 2 scrolls of identify
 g - a scroll of remove curse
 i - a scroll of amnesia {unknown}
 j - a scroll of fear {unknown}
 k - 2 scrolls of teleportation {unknown}
 u - a scroll of enchant armour {unknown}
 w - a scroll of random uselessness {unknown}
 y - a scroll of enchant weapon {unknown}
Potions
 q - a potion of agility {unknown}
 s - a potion of ambrosia {unknown}
 z - a potion of resistance {unknown}
Comestibles
 c - 3 bread rations
 l - 2 meat rations
 p - 9 fruits
 x - 2 chunks of flesh


   Skills:
 + Level 4.0 Fighting
 + Level 4.5 Polearms
 + Level 2.3 Armour
 + Level 3.6 Dodging
 + Level 2.3 Stealth


You had 5 spell levels left.
You didn't know any spells.

Dungeon Overview and Level Annotations

Branches:
Dungeon (4/15)
 Temple: D:4-7

Altars:
Fedhas
Nemelex Xobeh
Sif Muna
Uskayaw
Yredelemnul

Annotations:
D:2 1 runed door, exclusion: oklob plant


Innate Abilities, Weirdness & Mutations

You have very sharp fingernails.
You are partially covered in iridescent scales. (AC +2)
You sometimes gain a little power by taking damage.


Message History

The worker ant bites you but does no damage.
You hit the worker ant but do no damage.
The worker ant is heavily wounded.
* * * LOW HITPOINT WARNING * * *
You feel sick. The worker ant misses you.
You hit the worker ant.
The worker ant is almost dead.
* * * LOW HITPOINT WARNING * * *
You feel sick.
The worker ant bites you but does no damage.
The worker ant bites you.
* * * LOW HITPOINT WARNING * * *
You feel better.
The worker ant bites you but does no damage.
You hit the worker ant.
You kill the worker ant!
You barely miss the orc. The orc hits you with a hand axe.
* * * LOW HITPOINT WARNING * * *
You barely miss the orc. The orc hits you with a hand axe.
You die...

# # # ########
......##.
#####.....######
# #.......# #
#..#.#..### ####
#......)o@# ...#
##.###.##)# ##.#
...##.# ######.#
#.# #.# #.# #.#
###.#


You could see an orc.

Vanquished Creatures
  An ogre (D:4)
  A hound (D:4)
  An orc wizard (D:4)
  Jessica (D:2)
  A worker ant (D:4)
  6 adders
  3 oozes
  A worm (D:2)
  A dart slug (D:3)
  2 leopard geckos
  3 orcs
  A ball python (D:3)
  4 giant cockroaches
  10 goblins
  5 hobgoblins
  3 jackals (D:3)
  7 bats
  4 frilled lizards
  12 kobolds
  A quokka skeleton (D:4)
  12 rats
80 creatures vanquished.

Notes
Turn   | Place    | Note
-------+----------+-------------------------------------------
     0 | D:1      | slep the Demonspawn Monk began the quest for the Orb.
     0 | D:1      | Reached XP level 1. HP: 18/18 MP: 1/1
   117 | D:1      | Gained mutation: You are partially covered in iridescent scales. (AC +2) [demonic ancestry]
   117 | D:1      | Reached XP level 2. HP: 18/24 MP: 2/2
   781 | D:2      | Reached XP level 3. HP: 28/29 MP: 3/3
   814 | D:2      | Found a runed door.
   850 | D:2      | Found a blossoming altar of Fedhas.
   850 | D:2      | Noticed Jessica
   866 | D:2      | Killed Jessica
   869 | D:2      | Noticed an oklob plant
   956 | D:2      | Found a basalt altar of Yredelemnul.
   991 | D:2      | Found a hide-covered altar of Uskayaw.
  1012 | D:2      | Gained mutation: You have sharp fingernails. [demonic ancestry]
  1012 | D:2      | Reached XP level 4. HP: 33/35 MP: 4/4
  1069 | D:2      | Reached skill level 1 in Armour
  1155 | D:2      | Found a deep blue altar of Sif Muna.
  1827 | D:3      | Found a sparkling altar of Nemelex Xobeh.
  1890 | D:3      | Gained mutation: You sometimes gain a little power by taking damage. [demonic ancestry]
  1890 | D:3      | Reached XP level 5. HP: 42/42 MP: 5/5
  2495 | D:4      | Noticed an ogre
  2499 | D:4      | Killed an ogre
  2720 | D:4      | Gained mutation: You have very sharp fingernails. [demonic ancestry]
  2720 | D:4      | Reached XP level 6. HP: 47/48 MP: 6/6
  2888 | D:4      | HP: 2/48 [worker ant (1)]
  2892 | D:4      | Slain by an orc

Vault maps used:
D:1:      eino_arrival_cavern_a
D:2:      yredelemnul_altar_generic, eat_drink_and_be_merry_uskayaw,
          lemuel_blue_sif_altar, tgw_fedhas, uniq_jessica,
          uniq_crazy_yiuf_cottage
D:3:      old_standard_altar, kennysheep_decorative_pillar
D:4:      marbit_many_paths, uniq_duvessa

Skill      XL: |  1  2  3  4  5 |
---------------+----------------+-----
Polearms       | 3 4 |  4.5
Dodging        | 3 |  3.6
Armour         | 1 2 |  2.3
Stealth        | 2 |  2.3
Fighting       | 4 |  4.0

Action                   |  1- 3 |  4- 6 || total
-------------------------+-------+-------++-------
Melee: Spear             |   127 |   178 ||   305
       Trident           |       |    57 ||    57
 Fire: Blowgun           |       |     2 ||     2
  Use: Potion            |       |     3 ||     3
       Scroll            |       |     3 ||     3
 Stab: Sleeping          |     2 |     3 ||     5
       Invisible         |       |     2 ||     2
  Eat: Chunk             |       |     7 ||     7
Armor: Robe              |     3 |       ||     3
       Ring mail         |    45 |    78 ||   123
Dodge: Dodged            |    77 |   180 ||   257

Table legend:
 A = Spawn XP
 B = Non-spawn XP
 C = Spawn XP percentage of total XP
 D = Spawn monster count
 E = Non-spawn monster count
 F = Spawn count percentage of total count
 G = Total turns spent on level
                    A         B        C        D         E        F      G
               +---------+---------+-------+---------+---------+-------+---------
         Total |       0 |     490 |   0.0 |       0 |      80 |   0.0 |  2892
               +---------+---------+-------+---------+---------+-------+---------
           D:1 |       0 |      36 |   0.0 |       0 |      20 |   0.0 |   743
           D:2 |       0 |     113 |   0.0 |       0 |      18 |   0.0 |   974
           D:3 |       0 |      79 |   0.0 |       0 |      31 |   0.0 |   759
           D:4 |       0 |     262 |   0.0 |       0 |      11 |   0.0 |   416
               +---------+---------+-------+---------+---------+-------+---------
